 Dungeon Crawl Stone Soup version 0.30-a0-614-ge5ea1257c2 (webtiles) character file.

Game seed: 3617380644988400847

11337 CrazyBamboolord the Destroyer (level 11, 0/135 HPs)
             Began as a Green Draconian Conjurer on Jan 9, 2023.
             Was a Follower of Vehumet.
             Succumbed to a black mamba's poison
             ... on level 2 of the Lair of Beasts.
             The game lasted 00:43:34 (13713 turns).

CrazyBamboolord the Destroyer (DrCj)               Turns: 13713, Time: 00:43:35

Health: 0/135      AC: 25    Str:  9    XL:     11   Next: 48%
Magic:  5/23       EV:  2    Int: 24    God:    Vehumet [*.....]
Gold:   554        SH:  5    Dex: 15    Spells: 3/27 levels left

rFire   + . .      SeeInvis .    E - +0 scimitar (flame)
rCold   + . .      Faith    .    (no shield)
rNeg    . . .      Spirit   .    (body armour unavailable)
rPois   +          Reflect  +    (helmet currently unavailable)
rElec   +          Harm     .    (cloak currently unavailable)
rCorr   +          Rampage  .    (gloves currently unavailable)
Will    .....      NoTele   +    (boots currently unavailable)
Stlth   ++                       r - amulet of reflection
HPRegen 0.42/turn                v - +6 ring of dexterity
MPRegen 0.18/turn                G - ring of wizardry

@: lethally poisoned (0 -> -14), tree-form, resistant, attractive
A: stationary, stasis, torment immunity, boosted hp, (breathe noxious fumes), AC
+7, unfitting armour, (poison resistance), (cold-blooded), (big wings), (stinger
1), (talons 1)
a: Renounce Religion


You were on level 2 of the Lair of Beasts.
You worshipped Vehumet.
Vehumet was aware of your devotion.
You were a tree.
You visited 3 branches of the dungeon, and saw 11 of its levels.

You collected 554 gold pieces.

Inventory:

Hand Weapons
 E - a +0 scimitar of flaming (weapon)
Missiles
 j - a throwing net
Armour
 b - a +2 hat
 h - a +2 cloak (melded)
 n - a +2 pair of gloves (melded)
 u - a +1 hat of intelligence (melded)
Jewellery
 c - a ring of ice
 r - an amulet of reflection (around neck)
 v - a +6 ring of dexterity (left branch)
 G - a ring of wizardry (right branch)
Wands
 d - a wand of iceblast (4)
 e - a wand of flame (45)
 o - a wand of light (12)
 x - a wand of charming (17)
Scrolls
 g - 2 scrolls of fear
 p - 3 scrolls of noise
 q - a scroll of fog
 s - a scroll of poison
 w - a scroll of butterflies
 y - a scroll of immolation
 A - 3 scrolls of amnesia
 C - a scroll of enchant weapon {unknown}
 I - a scroll of magic mapping
Potions
 a - a potion of berserk rage
 k - a potion of mutation
 m - 2 potions of might
 B - a potion of degeneration {unknown}
 D - a potion of invisibility {unknown}
 F - a potion of flight {unknown}


   Skills:
 * Level 6.3 Fighting
 * Level 6.5 Dodging
 + Level 3.4 Stealth
 + Level 2.7 Shields
 * Level 8.9 Spellcasting
 * Level 10.0 Conjurations
 * Level 5.4 Hexes
 * Level 5.4 Translocations


You had 3 spell levels left.
You knew the following spells:

 Your Spells              Type           Power      Damage    Failure   Level
a - Magic Dart            Conj           100%       1d8       1%          1
b - Searing Ray           Conj           100%       2d8       1%          2
c - Dazzling Flash        Conj/Hex       94%        N/A       1%          3
d - Fulminant Prism       Conj/Hex       23%        3d12      1%          4
e - Iskenderun's Mystic   Conj/Tloc      47%        2d10      1%          4
f - Teleport Other        Tloc           36%        N/A       1%          3
g - Passage of Golubria   Tloc           36%        N/A       2%          4
h - Tukima's Dance        Hex            36%        N/A       1%          3

Your spell library contained the following spells:

 Spells                   Type           Power      Damage    Failure   Level
 Kiss of Death            Conj/Necr      100%       2d13      1%          1
 Gell's Gravitas          Tloc           36%        N/A       1%          3
 Yara's Violent Unravell  Hex/Tmut       11%        3d6       21%         5
 Dispersal                Tloc           18%        N/A       36%         6
 Alistair's Intoxication  Tmut/Pois      6%         N/A       52%         5
 Borgnjor's Vile Clutch   Necr/Erth      5%         N/A       52%         5
 Eringya's Noxious Bog    Tmut/Pois      5%         N/A       97%         6


Dungeon Overview and Level Annotations

Branches:
Dungeon (8/15)             Temple (1/1) D:6            Lair (2/5) D:8
 Shoals (0/4) Lair:2
  Snake: Lair:2-3    Spider: Lair:2-3

Altars:
Ashenzari
Cheibriados
Dithmenos
Elyvilon
Gozag
Hepliaklqana
Kikubaaqudgha
Makhleb
Nemelex Xobeh
Qazlal
Ru
Trog
Uskayaw
Vehumet
Wu Jian
Xom
Yredelemnul
Zin
The Shining One

Shops:
D:6 (


Innate Abilities, Weirdness & Mutations

You are a tree.
Your roots penetrate the ground, keeping you stationary.
You cannot be teleported.
You are immune to unholy pain and torment.
Your maximum health is greatly increased.
Your equipment is partially melded.
((You can breathe blasts of noxious fumes.))
((Your lurid green scales are hard. (AC +7)))
You cannot fit into any form of body armour.
((Your system is resistant to poisons. (rPois)))
((You are cold-blooded and may be slowed by cold attacks.))
((Your large and strong wings let you fly.))
((Your tail ends in a venomous barb.))
((You have sharp toenails.))


Message History

The black mamba is moderately wounded.
The black mamba closely misses you.
The blink frog blinks!
The black mamba bites you but does no damage.
The black mamba bites you!
You are poisoned.
The black mamba poisons you!
You closely miss the black mamba. Your kick misses the black mamba.
The black mamba is moderately wounded.
You feel extremely sick.
The black mamba bites you but does no damage. x2
It was a potion of resistance.
You feel protected.
You feel very sick. The black mamba bites you.
* * * LOW HITPOINT WARNING * * *
You are lethally poisoned!
The black mamba poisons you!
The blink frog blinks!
The black mamba misses you.
Blink to where?
Press: ? - help, Dir - move target
As you read the scroll of blinking, it crumbles to dust.
* * * LOW HITPOINT WARNING * * *
You feel extremely sick.
The blink frog blinks!
Blink to where?
Press: ? - help, Dir - move target
Found a stone staircase leading up.
As you read the scroll of blinking, it crumbles to dust.
* * * LOW HITPOINT WARNING * * *
You feel very sick.
It was a potion of lignification.
You turn into a tree.
Your +2 cloak melds into your body.
Your +1 hat of intelligence melds into your body.
Your +2 pair of gloves melds into your body.
You feel stupid.
Your roots penetrate the ground.
* * * LOW HITPOINT WARNING * * *
You feel very sick.
It was a potion of attraction.
You feel attractive to monsters.
You die...

###..#.#.....<. ...............
#. #................ #..
.......P..#P...#.
#.P###................
..P........#............#..
...........P.............. .#
#.............♣.......§.....#
##....F.....P............#...##
#......PFF...................P#
#..........#........... #...##
#...F....#.###+....#.####.§..#
#.....P..+...................##
#.Y...#.............^....§...#.
#.Y....#.......................
##.S............................


You could see 2 blink frogs.

Vanquished Creatures
  Gastronok (D:8)
  A hydra (D:8)
  Erica (D:8)
  5 elephants (Lair:2)
  2 cane toads
  Maggie (Lair:1)
  Psyche (D:8)
  A kobold demonologist (D:8)
  A komodo dragon (Lair:2)
  2 polar bears (Lair:2)
  A blink frog (Lair:2)
  5 wyverns
  6 yaks
  A basilisk (Lair:1)
  A steam dragon (D:8)
  2 water moccasins
  3 acid dragons
  An orc warrior (D:6)
  2 black bears
  3 ice beasts
  2 ogres
  3 phantoms
  3 centaurs
  3 bullfrogs
  A necrophage (D:7)
  A scorpion (D:2)
  8 wights
  A vampire bat (D:4)
  2 orc priests
  2 jellies (D:5)
  2 gnoll boudas
  4 hounds
  An iguana (D:6)
  Terence (D:3)
  5 orc wizards
  Robin (D:2)
  12 gnolls
  4 adders
  A shadow imp (D:5)
  2 white imps
  2 ufetubi
  4 worms
  4 dart slugs
  37 orcs
  4 bat skeletons (D:4)
  2 bat zombies (D:4)
  7 endoplasms
  3 giant cockroaches
  17 goblins
  7 hobgoblins
  11 jackals
  4 quokkas
  2 ball pythons
  8 bats
  3 frilled lizards
  4 kobolds
  11 rats
  A butterfly (Lair:2)
231 creatures vanquished.

Vanquished Creatures (others)
  61 fulminant prisms
  19 fungi
  31 plants
111 creatures vanquished.

Grand Total: 342 creatures vanquished

Notes
Turn   | Place    | Note
-------+----------+-------------------------------------------
     0 | D:1      | CrazyBamboolord the Draconian Conjurer began the quest for
                  | the Orb.
     0 | D:1      | Reached XP level 1. HP: 14/14 MP: 3/3
   181 | D:1      | Reached XP level 2. HP: 17/20 MP: 0/5
   713 | D:1      | Reached XP level 3. HP: 25/27 MP: 0/6
   877 | D:1      | Learned a level 2 spell: Searing Ray
   881 | D:1      | Learned a level 3 spell: Dazzling Flash
   995 | D:1      | Found a faded altar of an unknown god.
  1161 | D:2      | Noticed Robin
  1314 | D:2      | Killed Robin
  1315 | D:2      | Reached XP level 4. HP: 33/34 MP: 2/7
  1915 | D:2      | Reached skill level 1 in Fighting
  2107 | D:3      | Noticed a scorpion
  2265 | D:2      | Reached skill level 5 in Conjurations
  2266 | D:2      | Killed a scorpion
  2267 | D:2      | Reached skill level 1 in Hexes
  2267 | D:2      | Reached XP level 5. HP: 19/40 MP: 3/9
  2596 | D:3      | Noticed Terence
  2602 | D:3      | Killed Terence
  2967 | D:4      | Reached XP level 6. HP: 47/47 MP: 6/11
  3834 | D:4      | Your scales start taking on a lurid green colour.
  3834 | D:4      | Reached XP level 7. HP: 56/56 MP: 5/13
  3834 | D:4      | Gained mutation: Your system is resistant to poisons.
                  | (rPois) [Green Draconian growth]
  4210 | D:4      | Found an ancient bone altar of Kikubaaqudgha.
  4392 | D:5      | Entered Level 5 of the Dungeon
  4398 | D:5      | Learned a level 4 spell: Fulminant Prism
  4403 | D:5      | Learned a level 4 spell: Iskenderun's Mystic Blast
  6125 | D:6      | Reached skill level 6 in Conjurations
  6125 | D:6      | Reached skill level 1 in Translocations
  6125 | D:6      | Reached XP level 8. HP: 18/63 MP: 9/15
  6303 | D:6      | Reached skill level 5 in Spellcasting
  6448 | D:6      | Found Ystron's Weapon Shoppe.
  7135 | D:6      | Found a staircase to the Ecumenical Temple.
  7157 | Temple   | Entered the Ecumenical Temple
  7225 | Temple   | Became a worshipper of Vehumet
  7656 | D:6      | Reached skill level 1 in Shields
  8148 | D:7      | Found a sparkling altar of Nemelex Xobeh.
  8157 | D:7      | Found a basalt altar of Yredelemnul.
  8157 | D:7      | Found a shadowy altar of Dithmenos.
  8322 | D:7      | Reached skill level 7 in Conjurations
  8473 | D:7      | Reached XP level 9. HP: 48/71 MP: 4/18
  9200 | D:7      | Found a hide-covered altar of Uskayaw.
  9408 | D:8      | Reached skill level 5 in Dodging
  9418 | D:8      | Reached skill level 8 in Conjurations
  9419 | D:8      | Reached * piety under Vehumet
  9419 | D:8      | Offered knowledge of Kiss of Death by Vehumet.
  9611 | D:8      | Reached skill level 5 in Fighting
  9737 | D:8      | Noticed a kobold demonologist
  9737 | D:8      | Noticed an eight-headed hydra
  9753 | D:8      | Killed an eight-headed hydra
  9754 | D:8      | Reached XP level 10. HP: 52/81 MP: 6/21
  9937 | D:8      | Noticed an orange demon
  9945 | D:8      | Noticed an orange demon
 10369 | D:8      | Noticed Erica
 10387 | D:8      | Killed Erica
 10769 | D:8      | Found a staircase to the Lair.
 10848 | D:8      | Noticed Psyche
 10854 | D:8      | Killed Psyche
 10855 | D:8      | Reached skill level 9 in Conjurations
 10859 | D:8      | Found a sacrificial altar of Ru.
 10860 | D:8      | Noticed Gastronok
 11032 | D:8      | Killed Gastronok
 11748 | Lair:1   | Entered Level 1 of the Lair of Beasts
 11821 | Lair:1   | Noticed Maggie
 11928 | Lair:1   | Learned a level 3 spell: Teleport Other
 11937 | Lair:1   | Killed Maggie
 11938 | Lair:1   | Reached skill level 5 in Hexes
 11952 | Lair:1   | Reached XP level 11. HP: 72/89 MP: 6/23
 12115 | Lair:1   | Learned a level 4 spell: Passage of Golubria
 12119 | Lair:1   | Learned a level 3 spell: Tukima's Dance
 12782 | Lair:2   | Found a staircase to the Shoals.
 13190 | Lair:2   | Reached skill level 5 in Translocations
 13694 | Lair:2   | Gained mutation: Your tail ends in a venomous barb. [potion
                  | of mutation]
 13694 | Lair:2   | Gained mutation: Your large and strong wings let you fly.
                  | [potion of mutation]
 13694 | Lair:2   | Gained mutation: You have sharp toenails. [potion of
                  | mutation]
 13705 | Lair:2   | Reached skill level 10 in Conjurations
 13712 | Lair:2   | HP: 4/135 [poisoned by a black mamba]
 13713 | Lair:2   | Succumbed to a black mamba's poison

Illustrated notes

Levels and vault maps discovered:
D:1:      giann_bridges, layout_rooms, shapermc_ecumenical_altar_gd
D:2:      layout_rooms, uniq_robin
D:3:      layout_rooms, uniq_terence
D:4:      layout_basic, kennysheep_vampire_church,
          minmay_misc_feat_secret_circle
D:5:      layout_layer_cave
D:6:      layout_layer_cave, minmay_temple_entry_slanted, serial_shops, shop
D:7:      layout_cave_pools, eat_drink_and_be_merry_uskayaw, minitemple
D:8:      layout_basic, mainiacjoe_overflow_boulevard, lair_entry_dummy,
          minmay_chambers_of_fives, uniq_gastronok, uniq_erica, uniq_psyche
Temple:   regret_index_temple_waves
Lair:1:   layout_hall_layers, uniq_maggie
Lair:2:   layout_chaotic_city, minmay_shoals_entry_centaurs,
          gammafunk_ghost_ooze, serial_bayou_shore_b, lemuel_fruit_fields

Skill      XL: |  1  2  3  4  5  6  7  8  9 10 11 |
---------------+----------------------------------+-----
Dodging        | 2 3 4 5 6 |  6.5
Fighting       | 1 2 3 4 5 6 |  6.3
Spellcasting   | 3 4 6 7 8 |  8.9
Conjurations   | 5 6 7 8 9 10 | 10.0
Hexes          | 1 2 3 4 5 |  5.4
Stealth        | 2 3 |  3.4
Translocations | 1 2 3 4 5 |  5.4
Shields        | 1 2 |  2.7

Action                   |  1- 3 |  4- 6 |  7- 9 | 10-12 || total
-------------------------+-------+-------+-------+-------++-------
Melee: Unarmed           |    74 |     9 |    43 |     2 ||   128
       Tailslap          |     6 |     1 |     6 |     9 ||    22
       Scimitar          |       |       |       |    45 ||    45
       Kick              |       |       |       |     7 ||     7
       Punch             |       |       |       |     1 ||     1
 Cast: Magic Dart        |    61 |   114 |   171 |    36 ||   382
       Searing Ray       |     6 |    10 |    49 |    13 ||    78
       Fulminant Prism   |       |       |     4 |    57 ||    61
       Dazzling Flash    |       |       |     1 |       ||     1
       Iskenderun's Myst |       |       |       |    23 ||    23
 Abil: Breathe Noxious F |       |       |     2 |       ||     2
Evoke: Wand              |       |       |       |     2 ||     2
  Use: Scroll            |       |    12 |     7 |     7 ||    26
       Potion            |       |     1 |     2 |     9 ||    12
Armor: Skin              |    65 |    76 |    64 |   100 ||   305
Dodge: Dodged            |    97 |   109 |   115 |   124 ||   445
Block: Other             |       |       |    48 |    40 ||    88
       Reflection        |       |       |     2 |     1 ||     3

Table legend: (Time is in decaauts)
 A = Elapsed time spent in this place.
 B = Non-inter-level travel time spent in this place.
 C = Inter-level travel time spent in this place.
 D = Time resting spent in this place.
 E = Time spent auto-exploring this place.
 F = Levels seen in this place.
 G = Mean time per level.
                   A        B        C        D        E       F      G
               +--------+--------+--------+--------+--------+-----+--------+
         Total |  13754 |  13304 |    450 |   1493 |   9638 |  11 | 1250.4 |
       Dungeon |  11525 |  11158 |    367 |    742 |   8706 |   8 | 1440.6 |
        Temple |    241 |    185 |     56 |    116 |     16 |   1 |  241.0 |
          Lair |   1987 |   1960 |     27 |    635 |    916 |   2 |  993.5 |
               +--------+--------+--------+--------+--------+-----+--------+

Top non-repeatable levels by time:
     D:8: 2033 daAuts
     D:6: 1842 daAuts
     D:5: 1654 daAuts
     D:7: 1587 daAuts
     D:4: 1428 daAuts
     D:1: 1286 daAuts
  Lair:1: 1276 daAuts
     D:2: 974 daAuts
     D:3: 718 daAuts
  Lair:2: 711 daAuts
  Temple: 241 daAuts
